 Dungeon Crawl Stone Soup version 0.31.0-1-g2c135a0 (webtiles) character file.

Game seed: 5972240682130354912

2503 hyungi the Ruffian (level 9, 0/96 HPs)
             Began as an Octopode Shapeshifter on Jan 21, 2024.
             Was an Initiate of Gozag.
             Constricted to death by a juvenile weirdbat beast (4 damage)
             ... on level 7 of the Dungeon.
             The game lasted 00:09:16 (7813 turns).

hyungi the Ruffian (Octopode Shapeshifter)          Turns: 7813, Time: 00:09:17

Health: 0/96       AC: 24    Str: 18      XL:     9   Next: 53%
Magic:  9/9        EV: -1    Int: 12      God:    Gozag
Gold:   592        SH: 11    Dex: 10 (11) Spells: 8/8 levels left

rFire   . .          .
                       - Unarmed
rCold   . . .        o - +3 kite shield
rNeg    . . .        (helmet currently unavailable)
rPois   +            (no amulet)
rElec   .            i - ring of resist corrosion
rCorr   +            (no ring)
SInv    .            (no ring)
Will    .....        (no ring)
Stlth   ++           (no ring)
HPRegen 0.36/turn    (no ring)
MPRegen 0.11/turn    (no ring)
                     (no ring)

%: no passive effects
@: tree-form, gold aura, attractive, hasted, constricted, very quick
A: stationary, stasis, torment immunity, boosted hp, almost no armour,
(amphibious), 8 rings, (camouflage 1), (gelatinous body 1), (nimble swimmer 1),
(tentacles)
a: Renounce Religion, Potion Petition, Call Merchant, Bribe Branch


You were on level 7 of the Dungeon.
You worshipped Gozag.
Gozag was pleased with you.
You were a tree.
You visited 2 branches of the dungeon, and saw 8 of its levels.

You collected 933 gold pieces.
You spent 312 gold pieces at shops.
You paid 29 gold pieces to Gozag.

Inventory:

Hand Weapons
 a - the +1 sling "Sizxaduo" {antimagic, rPois Stlth+}
   (You found it on level 2 of the Dungeon)

   rPois:     It protects you from poison Stlth+: It makes you more stealthy.
Armour
 o - a +3 kite shield (worn)
Jewellery
 e - a ring of fire
 i - a ring of resist corrosion (left branch)
Talismans
 b - a beast talisman
Wands
 c - a wand of iceblast (3)
 n - a wand of paralysis (8)
Scrolls
 d - 4 scrolls of teleportation
 q - a scroll of immolation
 r - a scroll of enchant weapon
Potions
 f - 2 potions of enlightenment
 g - a potion of heal wounds
 h - 2 potions of mutation
 k - a potion of attraction
 l - 6 potions of curing
 m - a potion of haste
 p - 2 potions of cancellation {unknown}


   Skills:
 + Level 7.0 Fighting
 - Level 2.0 Dodging
 + Level 2.4 Stealth
 + Level 2.9 Shields
 + Level 7.5 Unarmed Combat
 + Level 7.0 Shapeshifting


You had 8 spell levels left.
You didn't know any spells.
Your spell library contained the following spells:

 Spells                   Type           Power      Damage    Failure   Level
 Frozen Ramparts          Ice            0%         1d1       95%         3
 Volatile Blastmotes      Fire/Tloc      0%         2d10      95%         3
 Brom's Barrelling Bould  Conj/Erth      0%         2d3       100%        4
 Fulminant Prism          Conj/Alch      0%         3d5       100%        4
 Iskenderun's Mystic Bla  Conj/Tloc      0%         2d3       100%        4
 Vhi's Electric Charge    Tloc/Air       0%         N/A       100%        4
 Arcjolt                  Conj/Air       0%         1d10      100%        5
 Freezing Cloud           Conj/Ice/Air   0%         6-21      100%        5
 Metabolic Englaciation   Hex/Ice        0%         N/A       100%        5
 Maxwell's Capacitive Co  Air            0%         ∞         100%        8


Dungeon Overview and Level Annotations

Branches:
Dungeon (7/15)             Temple (1/1) D:4

Altars:
Ashenzari
Cheibriados
Dithmenos
Elyvilon
Fedhas
Gozag
Hepliaklqana
Kikubaaqudgha
Makhleb
Nemelex Xobeh
Okawaru
Ru
Sif Muna
Trog
Uskayaw
Vehumet
Wu Jian
Xom
Yredelemnul
Zin
The Shining One

Shops:
D:1 [   D:2 [   D:7 !

Annotations:
D:5 1 runed translucent door, Crazy Yiuf
Temple 2 transporters


Innate Abilities, Weirdness & Mutations

You are a tree.
Your roots penetrate the ground, keeping you stationary.
You cannot be teleported.
You are immune to unholy pain and torment.
Your maximum health is greatly increased.
You cannot wear most types of armour.
((You are amphibious.))
You can wear up to eight rings at the same time.
((Your skin changes colour to match your surroundings (Stealth+).))
((Your rubbery body absorbs attacks. (AC +1, EV +1)))
((You are camouflaged when in or above water. (Stealth+)))
((You have tentacles for arms and can constrict up to eight enemies at once.))


Message History

Unknown command.
Okay, then.
You barely miss the juvenile weirdbat beast.
The larval stingbat beast stings you but does no damage.
The juvenile weirdbat beast is distracted by your dazzling golden aura.
The juvenile weirdbat beast constricts you.
The juvenile weirdbat beast squeaks loudly.
The larval batshock beast is attracted toward you.
Unknown command.
You barely miss the juvenile weirdbat beast.
The juvenile weirdbat beast is no longer distracted by gold.
The larval batshock beast hits you but does no damage.
The juvenile weirdbat beast hits you but does no damage.
The juvenile weirdbat beast constricts you.
The larval stingbat beast is distracted by your dazzling golden aura.
The juvenile weirdbat beast loses its grip on you.
The larval batshock beast barely misses you.
The juvenile weirdbat beast is attracted toward you.
The larval stingbat beast's many legs skitter faintly.
You smack the juvenile weirdbat beast!
The juvenile weirdbat beast is moderately wounded.
The juvenile weirdbat beast hits you. The juvenile weirdbat beast grabs you.
The juvenile weirdbat beast constricts you.
* * * LOW HITPOINT WARNING * * *
The orc hits you but does no damage.
The larval shockox beast bursts into living lightning!
The living lightning hits you!
* * * LOW HITPOINT WARNING * * *
The larval shockox beast blinks!
The larval shockox beast is attracted toward you.
You smack the juvenile weirdbat beast!
The juvenile weirdbat beast is heavily wounded.
The larval batshock beast bursts into living lightning!
The living lightning hits you!
* * * LOW HITPOINT WARNING * * *
The larval batshock beast blinks!
The juvenile weirdbat beast hits you but does no damage.
The juvenile weirdbat beast constricts you.
You die...
Your body crumbles into a pile of gold.

. . ###........... .
#...#......... .
#H.....}#..... . #.
#......)....# . #...#
#........... . .#....
#.....H...§. .
......####...§o.§..# .
........#...H♣#..... .
........#..§$H§§...:. .
....>......##§.......
##...........#####..##..
##.............# ###
...........#..##
#..........####
#..........#.###
....#..........##


You could see 4 mutant beasts and an orc.

Vanquished Creatures
  Grinder (D:3)
  Sigmund (D:2)
  Eustachio (D:5)
  An orc warrior (D:5)
  A black bear (D:6)
  A centaur (D:4)
  2 phantoms (D:5)
  Blork the orc (D:5)
  2 gnoll sergeants (D:5)
  2 scorpions
  A bullfrog (D:7)
  7 wights (D:7)
  A quasit (D:6)
  2 gnoll boudas (D:6)
  2 hounds
  A jelly (D:7)
  2 orc priests
  3 sleepcaps
  Jessica (D:2)
  2 orc wizards
  2 mutant beasts (D:7)
  20 gnolls
  4 adders
  7 shadow imps
  7 white imps
  7 ufetubi
  A ribbon worm (D:3)
  4 dart slugs
  9 orcs
  5 ball pythons
  2 endoplasms
  A giant cockroach (D:3)
  3 goblins
  5 hobgoblins
  6 quokkas
  4 bats
  A frilled lizard (D:1)
  8 kobolds
  5 rats
136 creatures vanquished.

Notes
Turn   | Place    | Note
-------+----------+-------------------------------------------
     0 | D:1      | hyungi the Octopode Shapeshifter began the quest for the
                  | Orb.
     0 | D:1      | Reached XP level 1. HP: 13/13 MP: 1/1
   283 | D:1      | Found a faded altar of an unknown god.
   406 | D:1      | Found Kilaicva's Armour Shoppe.
   427 | D:1      | Reached XP level 2. HP: 17/18 MP: 2/2
   659 | D:2      | Found Ereor's Armour Emporium.
   909 | D:2      | Identified the +1 sling "Sizxaduo" {antimagic, rPois
                  | Stlth+}
   948 | D:2      | Reached XP level 3. HP: 16/24 MP: 3/3
   999 | D:2      | Noticed Sigmund
  1010 | D:2      | Killed Sigmund
  1011 | D:2      | Reached XP level 4. HP: 5/31 MP: 4/4
  1011 | D:2      | Reached XP level 5. HP: 6/36 MP: 5/5
  1473 | D:2      | Noticed Jessica
  1478 | D:2      | Killed Jessica
  1479 | D:2      | Reached XP level 6. HP: 42/42 MP: 2/6
  1946 | D:3      | Found an opulent altar of Gozag.
  1957 | D:3      | Became a worshipper of Gozag Ym Sagoz the Greedy
  2369 | D:3      | Noticed Grinder
  2380 | D:3      | Killed Grinder
  2381 | D:3      | Reached skill level 5 in Unarmed Combat
  2381 | D:3      | Reached XP level 7. HP: 48/48 MP: 7/7
  2570 | D:4      | Found a broken altar of Ashenzari.
  2743 | D:4      | Reached skill level 5 in Shapeshifting
  3171 | D:4      | Found a staircase to the Ecumenical Temple.
  3549 | Temple   | Found a transporter.
  3549 | Temple   | Found a transporter.
  3549 | Temple   | Found a transporter.
  3549 | Temple   | Found a transporter.
  3549 | Temple   | Entered the Ecumenical Temple
  3576 | D:5      | Entered Level 5 of the Dungeon
  3586 | D:5      | Reached skill level 5 in Fighting
  3586 | D:5      | Reached XP level 8. HP: 48/55 MP: 8/8
  4280 | D:5      | Noticed Blork the orc
  4353 | D:5      | Noticed Eustachio
  4609 | D:5      | Found a runed translucent door.
  4610 | D:5      | Noticed Crazy Yiuf
  4657 | D:5      | Killed Blork the orc
  4837 | D:5      | Killed Eustachio
  5392 | D:6      | Reached skill level 1 in Shields
  5751 | D:6      | Got the Atlas of Boreal Injury
  5837 | D:6      | Identified the +0 short sword of the Shimmering Sybil
                  | {vamp, Fly}
  5957 | D:6      | Reached XP level 9. HP: 63/63 MP: 9/9
  6201 | D:7      | Identified the +1 helmet "Ciaqybo" {rCorr Dex+2}
  6843 | D:7      | Found Epoeb's Distillery.
  6850 | D:7      | Reached skill level 1 in Stealth
  7293 | D:7      | Bought a potion of enlightenment for 65 gold pieces
  7293 | D:7      | Bought a potion of attraction for 39 gold pieces
  7293 | D:7      | Bought a potion of haste for 130 gold pieces
  7293 | D:7      | Bought 2 potions of curing for 78 gold pieces
  7796 | D:7      | Noticed a juvenile weirdbat beast
  7813 | D:7      | HP: 4/96 [larval batshock beast/living lightning (11)]
  7813 | D:7      | Constricted to death by a juvenile weirdbat beast

Illustrated notes

Levels and vault maps discovered:
D:1:      eino_arrival_tree_alley, layout_basic, serial_shops, shop_fountains,
          chequers_ecumenical_altar_simple
D:2:      layout_basic, serial_shops, nicolae_shop_tiny_glass, uniq_sigmund,
          uniq_jessica
D:3:      layout_loops_ring, grunt_gozag_breadcrumbs, uniq_grinder
D:4:      layout_loops_corners, mainiacjoe_overflow_catwalk,
          minmay_temple_entry_poolview, minmay_misc_feat_more_columns,
          serial_bayou_pond_c
D:5:      layout_basic, sword_in_stone, uniq_crazy_yiuf_cottage
D:6:      layout_loops_ring, moated_statue
D:7:      layout_cave_pools, serial_shops, nicolae_shop_advertising_works
          [nicolae_subvault_shop_adworks], serial_demonic, serial_demonic_g,
          serial_demonic_b, serial_demonic_e, serial_demonic_e,
          serial_demonic_e, serial_demonic_d, serial_demonic_a,
          serial_demonic_b, serial_demonic_d, serial_demonic_g,
          nicolae_beast_mode, uniq_duvessa
Temple:   hellmonk_temple_divided_pantheon

Skill      XL: |  1  2  3  4  5  6  7  8  9 |
---------------+----------------------------+-----
Fighting       | 3 4 5 6 7 |  7.0
Unarmed Combat | 4 5 7 |  7.5
Shapeshifting  | 4 5 6 7 |  7.0
Shields        | 1 2 |  2.9
Stealth        | 2 |  2.4
Dodging        | |  2.0

Action                     |  1- 3 |  4- 6 |  7- 9 || total
---------------------------+-------+-------+-------++-------
  Melee: Unarmed           |    46 |    40 |   230 ||   316
         Constrict         |     8 |    10 |    65 ||    83
         Tentacles         |     4 |     7 |    60 ||    71
         Punch             |     2 |     3 |    22 ||    27
   Fire: Sling             |       |     4 |       ||     4
  Evoke: Wand              |       |       |     9 ||     9
    Use: Scroll            |       |     3 |    12 ||    15
         Potion            |       |     1 |     5 ||     6
   Stab: Sleeping          |     2 |     1 |     5 ||     8
         Distracted        |       |       |     2 ||     2
 Armour: Skin              |    25 |    22 |   187 ||   234
  Dodge: Dodged            |    30 |    21 |   121 ||   172
  Block: Kite shield       |       |       |   105 ||   105
